 Dungeon Crawl Stone Soup version 0.29-a0-664-gff9cad4a3d (webtiles) character file.

Game seed: 12010009298070251323

35 sammy202020 the Skirmisher (level 3, -2/33 HPs)
             Began as a Minotaur Fighter on June 22, 2022.
             Splashed by a jelly's acid (4 damage)
             ... on level 1 of the Dungeon.
             The game lasted 00:00:36 (108 turns).

sammy202020 the Skirmisher (Minotaur Fighter)        Turns: 108, Time: 00:00:36

Health: -2/33      AC:  7    Str: 20    XL:     3   Next: 17%
Magic:  2/2        EV:  9    Int:  7    God:
Gold:   0          SH:  4    Dex:  9    Spells: 2/2 levels left

rFire   . . .      SeeInvis .   a - +0 war axe
rCold   . . .      Faith    .   c - +0 buckler
rNeg    . . .      Spirit   .   b - +0 scale mail
rPois   .          Reflect  .   (helmet restricted)
rElec   .          Harm     .   (no cloak)
rCorr   .          Rampage  .   (no gloves)
Will    .....                   (no boots)
Stlth   ..........              (no amulet)
HPRegen 0.11/turn               (no ring)
MPRegen 0.08/turn               (no ring)

@: mighty
A: horns 2, retaliatory headbutt
a: no special abilities


You were on level 1 of the Dungeon.
You visited 1 branch of the dungeon, and saw 1 of its levels.

Inventory:

Hand Weapons
 a - a +0 war axe (weapon)
Armour
 b - a +0 scale mail (worn)
 c - a +0 buckler (worn)
Scrolls
 e - 2 scrolls of fear {unknown}


   Skills:
 * Level 4.1 Fighting
 * Level 3.1 Axes
 + Level 3.9 Armour
 + Level 1.0 Dodging
 + Level 3.9 Shields


You had 2 spell levels left.
You didn't know any spells.
Your spell library was empty.

Dungeon Overview and Level Annotations

Branches:
Dungeon (1/15)

Altars:
Jiyva


Innate Abilities, Weirdness & Mutations

You have a pair of horns on your head.
You reflexively headbutt those who attack you in melee.


Message History

You feel very mighty all of a sudden.
The quokka bites you but does no damage.
The jelly hits you.
You are splashed with acid.
* * * LOW HITPOINT WARNING * * *
You slash the jelly!
You kill the jelly!
You barely miss the quokka. The quokka closely misses you.
You furiously retaliate!
You headbutt the quokka!
You kill the quokka!
The quokka bites you but does no damage.
Your Fighting skill increases to level 4!
Your Axes skill increases to level 3!
You have reached level 2!
You have reached level 3!
Your experience leads to an increase in your attributes!
Increase (S)trength, (I)ntelligence, or (D)exterity?
You feel clever. x2
You barely miss the hobgoblin. You closely miss the quokka.
The quokka closely misses you. The hobgoblin barely misses you.
The quokka bites you.
* * * LOW HITPOINT WARNING * * *
The hobgoblin hits you.
* * * LOW HITPOINT WARNING * * *
You barely miss the hobgoblin. You hit the quokka.
The quokka bites you but does no damage.
The hobgoblin barely misses you. You furiously retaliate!
You headbutt the hobgoblin!
You kill the hobgoblin!
The frilled lizard hisses.
The endoplasm jiggles.
Your Dodging skill increases to level 1!
You slash the jelly!
Your hands burn!
* * * LOW HITPOINT WARNING * * *
The jelly is heavily wounded.
You slash the quokka!
You kill the quokka!
The jelly hits you but does no damage.
Unknown command.
You slash the jelly!
Your hands burn!
You die...

##################
.........#......# ##
#..#...#....#... #..
#..##....##.... #..J
#####...#...#.....
#..lJ#$#.8.....#...#...
#..JJJ@...†...##..#..#.
#..JJJ..............#..
#.._J#$#.8......##.....
#...J#####.....#......#
#... ....#...##..#.
#### ....##..#..#...
...#. .....##.#
...#)#.##. #..# ..#..


You could see 6 jellies, 4 endoplasms and a frilled lizard.

Vanquished Creatures
  A jelly (D:1)
  2 hobgoblins (D:1)
  3 quokkas (D:1)
  A ball python (D:1)
7 creatures vanquished.

Notes
Turn   | Place    | Note
-------+----------+-------------------------------------------
     0 | D:1      | sammy202020 the Minotaur Fighter began the quest for the
                  | Orb.
     0 | D:1      | Reached XP level 1. HP: 19/19 MP: 0/0
    89 | D:1      | Found a large runed translucent door.
    89 | D:1      | Found a large runed translucent door.
    90 | D:1      | Noticed a jelly
    96 | D:1      | Found a viscous altar of Jiyva.
    98 | D:1      | Noticed a jelly
    98 | D:1      | Noticed a jelly
    98 | D:1      | Noticed a jelly
    99 | D:1      | Noticed a jelly
    99 | D:1      | Noticed a jelly
   101 | D:1      | Noticed a jelly
   104 | D:1      | Killed a jelly
   105 | D:1      | Reached skill level 4 in Fighting
   105 | D:1      | Reached XP level 2. HP: 8/27 MP: 1/1
   105 | D:1      | Reached XP level 3. HP: 10/33 MP: 2/2
   107 | D:1      | Reached skill level 1 in Dodging
   107 | D:1      | HP: 1/33 [acid (4)]
   108 | D:1      | Splashed by a jelly's acid

Illustrated notes

Levels and vault maps discovered:
D:1:      erik_arrival_cave_to_civilisation [erik_arrival_cave_to_temple],
          layout_basic, ebering_ecumenical_altar_rust,
          minmay_misc_feat_nine_boxes, chequers_decorated_corner

Skill      XL: |  1  2  3 |
---------------+----------+-----
Fighting       | 4 |  4.1
Axes           | 3 |  3.1
Dodging        | 1 |  1.0
Armour         | |  3.9
Shields        | |  3.9

Action                   || total
-------------------------++-------
Melee: War axe           ||    15
       Headbutt          ||     1
  Use: Potion            ||     1
Armor: Scale mail        ||    11
Dodge: Dodged            ||     9
Block: Buckler           ||     3

Table legend: (Time is in decaauts)
 A = Elapsed time spent in this place.
 B = Non-inter-level travel time spent in this place.
 C = Inter-level travel time spent in this place.
 D = Time resting spent in this place.
 E = Time spent auto-exploring this place.
 F = Levels seen in this place.
 G = Mean time per level.
                   A        B        C        D        E       F      G
               +--------+--------+--------+--------+--------+-----+--------+
         Total |    113 |    113 |      0 |      0 |     79 |   1 |  113.0 |
       Dungeon |    113 |    113 |      0 |      0 |     79 |   1 |  113.0 |
               +--------+--------+--------+--------+--------+-----+--------+

Top non-repeatable levels by time:
     D:1: 113 daAuts
